Zazza, neutral female gnomish Wizard ------- -.---- -------- ------------ |(_...| |....-# |......| |..........| |.....| e |....|# |......| |..........| |.....| |....|# |......| |...........# |.....| # |....|# |......-# |..........|# |...... `## |.....# .......|# -|-..-------# |.....|####*##### |....|# ## ---..-.-# ## # --|.|..######### -.-.--# # # # # # # # #### # -a-.- # # ### ###### # # # *# # @a..-# ### # # # # # # # ------- ## a|a..|# # #### ###### ######################......| # ..a..# ### # ### # # # ### # # # |.....| ### |..^|###`*...-.*`#### #`## ######.---.---- ##-.....| ## |.[..#%###-.... ######....)- # # ##...<....| |.....| --.-- ##.....# ###.....###`*##...... #### # |........ ------- |>... ##-....### #....|## #.....|##### ........| |.)..#*######### # --.-. # # |.)..[## -.------- ----.## # -----.##` Zazza the Conjurer Experience level: 5 Strength: 11 Dexterity: 11 Constitution: 16 Intelligence: 19 Wisdom: 10 Charisma: 13 Health: 0(39) Energy: 28(37) Def: 2 Gold: 0 Moves: 4203 Dungeon seed: SGSAzsRdZhi9ycbp Game ID: Zazza_1533278944 Your Inventory: Weapons a - a blessed +1 quarterstaff B - a +0 elven dagger (weapon in hand) V - a +0 dagger Armor e - an uncursed very burnt +0 cloak of magic resistance (being worn) n - an uncursed rusty +1 pair of iron shoes (being worn) Comestibles o - 2 uncursed apples C - 2 uncursed bananas D - 2 uncursed eucalyptus leaves F - an uncursed slime mold Rings c - an uncursed +2 ring of increase accuracy d - an uncursed ring of invisibility G - a cursed ring of hunger (on left hand) H - an uncursed ring of stealth Wands p - a wand of striking (0:3) Tools v - an uncursed oil lamp (0:1319) z - an uncursed bag of holding U - an uncursed lock pick Contents of the bag of holding: 1256 gold pieces Spells and supernatural/magical abilities: Name Level Category Fail Memory a - force bolt 1 attack 0% 79% n - detect monsters 1 divination 0% 79% w - wizard lock 2 matter 55% 84% W - pray for help -- divine ? -- Your skills at the end: Fighting Skills Weapon Skills dagger [Basic] quarterstaff [Basic] Spellcasting Skills attack spells [Basic] enchantment spells [Basic] Final Attributes: You were piously aligned. You were magic-protected. You hungered rapidly. You were telepathic. You had infravision. You are dead. Vanquished creatures: a dingo a water nymph a rock piercer a fog cloud a shrieker a gray ooze a giant ant a floating eye a homunculus 2 rabid rats 2 giant bats a wererat 3 iguanas a gas spore 2 hobbits 4 giant rats 5 cave spiders a brown mold a green mold a red mold a gnome zombie 5 geckos 8 jackals 2 kobolds 3 goblins 3 grid bugs a bat 4 lichens a kobold zombie 8 newts 68 creatures vanquished. Voluntary challenges: You had been an atheist until turn 2897. You used a wielded weapon 101 times, starting on turn 11. You read items or engraved 7 times, starting on turn 820. You never genocided any monsters. You never polymorphed an object. You never changed form. You used no wishes. You never split a pudding. You never wrote Elbereth's name. You never violated your personal moral code. Dungeon overview: The Dungeons of Doom: levels 1 to 6 Level 1 a long staircase Level 2 a fountain a long staircase Level 3 a general store Level 4 some fountains, a sink Level 5 <- You were here an altar to Thoth Level 6 History has recorded: On T:1 you entered the Dungeons of Doom to retrieve the Amulet of Yendor! On T:558 you reached level 2 of The Dungeons of Doom. On T:573 you advanced to experience level 2. On T:1402 you reached level 3 of The Dungeons of Doom. On T:1636 you advanced to experience level 3. On T:2007 you reached level 4 of The Dungeons of Doom. On T:2201 you reached level 5 of The Dungeons of Doom. On T:2332 you advanced to experience level 4. On T:2937 you reached level 6 of The Dungeons of Doom. On T:3287 you advanced to experience level 5. Score breakdown: Gold: 1256 (10542 points) Experience: 5 levels (11141 points) Exploration: 6 levels ( 12.50%) ( 9784 points) Discoveries: 4 items ( 1.39%) ( 3541 points) Valuables value: (no points given unless you survive) Artifact value: 0 ( 0 points) Variety of kills: 30 monsters ( 7.87%) ( 8418 points) Turncount: 4203 turns (-1098 points) Survival: died (score multiplied by 80%) Total score: 33862 Latest messages: You displace Armand. Please move the cursor to an unknown object. Never mind. You see here 11 rocks. (2x) The gray ooze bites! Your pair of hard shoes rusts! The spell hits it. You kill it! You see here a gray ooze corpse. The killer bee stings! The spell misses it. The killer bee stings! (10x) You begin praying to Thoth. You are surrounded by a shimmering light. The killer bee starts to attack you, but pulls back. (9x) You feel that Thoth is well-pleased. You miss it. The killer bee stings! (4x) You die... Final status: Goodbye Zazza the Wizard, killed by a killer bee... You died in The Dungeons of Doom on dungeon level 5 with 33862 points, and 1256 pieces of gold, after 4203 moves. You were level 5 with a maximum of 39 hit points when you died.